 Dungeon Crawl Stone Soup version 0.30-a0-568-g124715a40b (webtiles) character file.

Game seed: 7282713119736975133

1102 Newt the Chucker (level 8, 0/87 (90) HPs)
             Began as a Demonspawn Gladiator on Dec 28, 2022.
             Was a Follower of Okawaru.
             Slain by a gnoll
             ... wielding a +0 halberd
             ... led by a gnoll bouda
              (1 damage)
             ... on level 6 of the Dungeon.
             The game lasted 00:07:39 (6912 turns).

Newt the Chucker (Demonspawn Gladiator)             Turns: 6912, Time: 00:07:40

HP:   0/87 (90)     AC: 24    Str: 18    XL:     8   Next: 10%
MP:   8/8           EV:  2    Int:  9    God:    Okawaru [*.....]
Gold: 327           SH:  4    Dex: 14    Spells: 7/7 levels left

rFire   . . .      SeeInvis .    H - +2 hand axe (heavy)
rCold   + . .      Faith    .    (no shield)
rNeg    . . .      Spirit   .    (body armour currently unavailable)
rPois   +          Reflect  .    (helmet currently unavailable)
rElec   .          Harm     .    (cloak currently unavailable)
rCorr   .          Rampage  .    (gloves currently unavailable)
Will    .....      NoTele   +    (boots currently unavailable)
Stlth   ++                       (no amulet)
HPRegen 0.34/turn                n - ring of protection from cold
MPRegen 0.22/turn                (no ring)

@: tree-form, weakened, lightly drained
A: stationary, stasis, torment immunity, boosted hp, (claws 2), (slimy green
scales 1), magic regeneration, condensation shield
a: Renounce Religion, Heroism


You were on level 6 of the Dungeon.
You worshipped Okawaru.
Okawaru was aware of your devotion.
You were a tree.
You visited 2 branches of the dungeon, and saw 7 of its levels.

You collected 327 gold pieces.

Inventory:

Hand Weapons
 a - a +0 rapier
 r - a +0 dagger of venom
 u - a +3 quarterstaff of chaos
 x - a +0 short sword of protection
 z - a +3 dagger of freezing
 H - a +2 heavy hand axe (weapon)
Missiles
 l - 2 throwing nets (quivered)
 q - a javelin
 y - 4 poisoned darts
 D - a boomerang
Armour
 b - a +0 leather armour
 c - a +0 helmet (melded)
 v - a +1 cloak (melded)
 w - a +0 chain mail (melded)
Jewellery
 n - a ring of protection from cold (left branch)
 B - an amulet of guardian spirit
 F - an amulet of the acrobat
Wands
 d - a wand of polymorph (6)
Scrolls
 f - a scroll of poison
 g - 3 scrolls of magic mapping
 m - a scroll of fog
 o - 2 scrolls of teleportation
 E - a scroll of blinking {unknown}
Potions
 e - a potion of mutation
 h - 4 potions of might
 i - a potion of degeneration {unknown}
 j - a potion of attraction {unknown}
 k - 2 potions of lignification
 p - a potion of berserk rage {unknown}
 s - 3 potions of curing {unknown}
 t - a potion of haste {unknown}
 A - a potion of brilliance {unknown}
 C - a potion of flight {unknown}
 G - a potion of resistance {unknown}


   Skills:
 - Level 4.0 Fighting
 - Level 4.0 Short Blades
 + Level 2.4 Axes
 - Level 5.0 Throwing
 - Level 4.0 Armour
 - Level 2.6 Dodging
 - Level 3.0 Stealth


You had 7 spell levels left.
You didn't know any spells.
Your spell library contained the following spells:

 Spells                   Type           Power      Damage    Failure   Level
 Foxfire                  Conj/Fire      0%         2x1d4     38%         1
 Sting                    Tmut/Pois      0%         1d3       38%         1
 Poisonous Vapours        Pois/Air       0%         N/A       52%         2
 Gell's Gravitas          Tloc           0%         N/A       77%         3
 Lesser Beckoning         Tloc           0%         N/A       77%         3
 Ozocubu's Armour         Ice            0%         N/A       77%         3
 Teleport Other           Tloc           0%         N/A       77%         3
 Airstrike                Air            0%         2d(0-16)  99%         4
 Olgreb's Toxic Radiance  Pois           0%         N/A       99%         4
 Fireball                 Conj/Fire      0%         3d3       100%        5
 Lightning Bolt           Conj/Air       0%         1d11      100%        5
 Starburst                Conj/Fire      0%         6d3       100%        6
 Ozocubu's Refrigeration  Ice            0%         4d7       100%        7
 Summon Lightning Spire   Summ/Air       Unusable   N/A       N/A         4

Dungeon Overview and Level Annotations

Branches:
Dungeon (6/15)             Temple (1/1) D:5

Altars:
Ashenzari
Cheibriados
Dithmenos
Fedhas
Gozag
Hepliaklqana
Makhleb
Nemelex Xobeh
Okawaru
Qazlal
Ru
Sif Muna
Trog
Uskayaw
Vehumet
Wu Jian
Xom
Yredelemnul

Shops:
D:2 :   D:4 =


Innate Abilities, Weirdness & Mutations

You are a tree.
Your roots penetrate the ground, keeping you stationary.
You cannot be teleported.
You are immune to unholy pain and torment.
Your maximum health is greatly increased.
Your equipment is partially melded.
((You have very sharp fingernails.))
((You are partially covered in slimy green scales. (AC +2)))
You regenerate magic rapidly.
A meltable shield of frost defends you. (SH +4)


Message History

You barely miss the gnoll bouda. You hit the gnoll.
The gnoll hits you but does no damage. The gnoll bouda barely misses you.
The gnoll barely misses you.
The gnoll hits you from afar with a +0 halberd!
You hit the gnoll bouda.
The gnoll bouda is lightly wounded.
You hit the gnoll but do no damage.
The gnoll bouda gazes fiercely through you!
You feel as though you will be weak longer.
The gnoll bouda barely misses you. The gnoll hits you with a +0 halberd.
The gnoll hits you from afar with a +0 halberd!
* * * LOW HITPOINT WARNING * * *
The gnoll bouda calls upon its god to heal the gnoll.
The gnoll is healed somewhat.
The gnoll barely misses you.
The gnoll hits you from afar with a +0 halberd.
* * * LOW HITPOINT WARNING * * *
Really quaff the potion of lignification?
You turn into a tree.
Your +1 cloak melds into your body.
Your +0 helmet melds into your body.
Your +0 chain mail melds into your body.
Your roots penetrate the ground.
The gnoll bouda calls upon its god to heal the gnoll.
The gnoll's wounds heal themselves!
You block the gnoll's attack. The gnoll hits you but does no damage.
Unknown command.
You hit the gnoll bouda.
The gnoll bouda is heavily wounded.
You hit the gnoll but do no damage. You block the gnoll bouda's attack.
The gnoll hits you but does no damage. x2
The gnoll bouda hits you but does no damage.
The gnoll hits you but does no damage.
You closely miss the gnoll. You hit the gnoll bouda.
The gnoll hits you but does no damage. You block the gnoll bouda's attack.
The gnoll hits you but does no damage.
The gnoll hits you from afar with a +0 halberd.
* * * LOW HITPOINT WARNING * * *
The gnoll bouda hits you with a +0 whip!
* * * LOW HITPOINT WARNING * * *
The gnoll hits you with a +0 halberd.
You die...

##.... #.....##
#......# .......
.>#.#.# #.#.#.#
##.#.#.#
.#+###+#..#.#<#
#...........#♣#
............gg#
....##......g###.###
.....................
..............#######
..................#
...........$..###..#
....[.........# ...
.....#........####....


You could see a gnoll bouda and 2 gnolls.

Vanquished Creatures
  A kobold brigand (D:5)
  A necrophage (D:6)
  2 scorpions
  3 wights (D:6)
  2 jellies (D:6)
  Crazy Yiuf (D:3)
  2 hounds
  An orc priest (D:5)
  A gnoll bouda (D:4)
  Jessica (D:3)
  2 iguanas
  4 orc wizards
  Robin (D:2)
  7 gnolls
  5 adders
  A worm (D:2)
  2 dart slugs (D:1)
  35 orcs
  8 ball pythons
  8 endoplasms
  6 giant cockroaches
  11 hobgoblins
  17 kobolds
  6 quokkas
  7 bats
  3 frilled lizards
  14 goblins
  6 rats
158 creatures vanquished.

Vanquished Creatures (others)
  An orc wizard (D:5)
  2 demonic plants (D:3)
  2 fungi (D:3)
5 creatures vanquished.

Grand Total: 163 creatures vanquished

Notes
Turn   | Place    | Note
-------+----------+-------------------------------------------
     0 | D:1      | Newt the Demonspawn Gladiator began the quest for the Orb.
     0 | D:1      | Reached XP level 1. HP: 16/16 MP: 1/1
    98 | D:1      | Reached skill level 1 in Stealth
   137 | D:1      | Gained mutation: A meltable shield of frost defends you.
                  | (SH +4) [demonic ancestry]
   137 | D:1      | Reached XP level 2. HP: 22/22 MP: 2/2
   480 | D:1      | Gained mutation: You have sharp fingernails. [demonic
                  | ancestry]
   480 | D:1      | Reached XP level 3. HP: 25/27 MP: 3/3
  1196 | D:2      | Gained mutation: You are partially covered in slimy green
                  | scales. (AC +2) [demonic ancestry]
  1196 | D:2      | Reached XP level 4. HP: 29/34 MP: 4/4
  1491 | D:2      | Found Tal Noycwik's Book Shop.
  1769 | D:3      | Noticed Robin
  1952 | D:2      | Killed Robin
  2080 | D:3      | Found a blossoming altar of Fedhas.
  2099 | D:3      | Reached skill level 2 in Throwing
  2110 | D:3      | Reached XP level 5. HP: 22/42 MP: 5/5
  2598 | D:3      | Reached skill level 3 in Throwing
  2671 | D:3      | Found a faded altar of an unknown god.
  2671 | D:3      | Noticed an orange demon
  2971 | D:3      | Noticed Jessica
  2978 | D:3      | Killed Jessica
  3111 | D:3      | Gained mutation: You regenerate magic rapidly. [demonic
                  | ancestry]
  3111 | D:3      | Reached XP level 6. HP: 48/48 MP: 6/6
  3295 | D:3      | Found a runed translucent door.
  3296 | D:3      | Noticed Crazy Yiuf
  3313 | D:3      | Killed Crazy Yiuf
  3314 | D:3      | Reached skill level 4 in Throwing
  4059 | D:4      | Found Nikaly's Jewellery Boutique.
  4216 | D:4      | Reached skill level 5 in Throwing
  4419 | D:4      | Found a stormy altar of Qazlal.
  4428 | D:4      | Found a sparkling altar of Nemelex Xobeh.
  4562 | D:5      | Entered Level 5 of the Dungeon
  4586 | D:5      | Found a staircase to the Ecumenical Temple.
  4786 | D:5      | Reached XP level 7. HP: 54/54 MP: 7/7
  4969 | D:5      | Found a runed translucent door.
  5128 | D:5      | Reached skill level 1 in Armour
  5877 | Temple   | Entered the Ecumenical Temple
  6102 | Temple   | Became a worshipper of Warmaster Okawaru
  6599 | D:6      | Reached * piety under Okawaru
  6600 | D:6      | Reached skill level 1 in Axes
  6600 | D:6      | Gained mutation: You have very sharp fingernails. [demonic
                  | ancestry]
  6600 | D:6      | Reached XP level 8. HP: 60/60 MP: 8/8
  6912 | D:6      | HP: 1/87 [gnoll bouda/+0 whip (9)]
  6912 | D:6      | Slain by a gnoll

Illustrated notes

Levels and vault maps discovered:
D:1:      wander_arrival_chamber, layout_loops_ring
D:2:      layout_basic, serial_shops, nicolae_shop_statue_plus,
          kennysheep_generic_room_6
D:3:      layout_loops_cross, fedhas_altar_3,
          dreamdust_ecumenical_altar_sealed_demon, uniq_robin,
          uniq_crazy_yiuf_cottage, uniq_jessica
D:4:      layout_rooms, mainiacjoe_overflow_swirl, serial_shops,
          nicolae_square_shop
D:5:      cheibrodos_thug_alley, layout_loops_ring, lemuel_temple_firewalk_b,
          lightli_church_of_beogh
D:6:      layout_rooms, mainiacjoe_overflow_six_doors_small, uniq_grinder
Temple:   dpeg_five_rooms_temple

Skill      XL: |  1  2  3  4  5  6  7  8 |
---------------+-------------------------+-----
Stealth        | 1 2 3 |  3.0
Fighting       | 4 |  4.0
Throwing       | 2 3 5 |  5.0
Short Blades   | 3 4 |  4.0
Armour         | 4 |  4.0
Axes           | 1 2 |  2.4
Dodging        | |  2.6

Action                   |  1- 3 |  4- 6 |  7- 9 || total
-------------------------+-------+-------+-------++-------
Melee: Rapier            |   135 |   154 |       ||   289
       Punch             |       |     5 |     4 ||     9
       Dagger            |       |   142 |   153 ||   295
       Hand axe          |       |       |    36 ||    36
Throw: Javelin           |     1 |     3 |     1 ||     5
       Throwing net      |       |     4 |       ||     4
  Use: Scroll            |     3 |     6 |     1 ||    10
       Potion            |       |     1 |     2 ||     3
 Stab: Sleeping          |     7 |     6 |       ||    13
       Held in net/web   |       |     1 |       ||     1
Armor: Leather armour    |    45 |    67 |       ||   112
       Chain mail        |       |    18 |   129 ||   147
       Skin              |       |       |     7 ||     7
Dodge: Dodged            |    78 |   172 |    66 ||   316
Block: Other             |    23 |    60 |    32 ||   115

Table legend: (Time is in decaauts)
 A = Elapsed time spent in this place.
 B = Non-inter-level travel time spent in this place.
 C = Inter-level travel time spent in this place.
 D = Time resting spent in this place.
 E = Time spent auto-exploring this place.
 F = Levels seen in this place.
 G = Mean time per level.
                   A        B        C        D        E       F      G
               +--------+--------+--------+--------+--------+-----+--------+
         Total |   6933 |   6498 |    435 |   1539 |   3802 |   7 |  990.4 |
       Dungeon |   6657 |   6324 |    333 |   1539 |   3637 |   6 | 1109.5 |
        Temple |    276 |    175 |    101 |      0 |    165 |   1 |  276.0 |
               +--------+--------+--------+--------+--------+-----+--------+

Top non-repeatable levels by time:
     D:5: 1953 daAuts
     D:3: 1857 daAuts
     D:2: 1073 daAuts
     D:1: 1001 daAuts
     D:4: 642 daAuts
  Temple: 276 daAuts
     D:6: 129 daAuts
